 Dungeon Crawl Stone Soup version 0.18-a0-1186-gd02dc51 (webtiles) character file.

24482 kae the Carver (level 12, -6/112 HPs)
             Began as a Minotaur Fighter on Jan 28, 2016.
             Was a Priest of Qazlal.
             Mangled by Rupert
             ... wielding a +1 great sword of protection
              (7 damage)
             ... while paralysed by Rupert
             ... on level 4 of the Lair of Beasts.
             The game lasted 00:21:54 (13397 turns).

kae the Carver (Minotaur Fighter)                  Turns: 13397, Time: 00:21:54

Health: -6/112     AC: 18    Str: 25    XL:     12   Next: 81%
Magic:  17/17      EV:  2    Int:  7    God:    Qazlal [***...]
Gold:   949        SH:  0    Dex: 13    Spells: 0 memorised, 11 levels left

rFire  . . .     SeeInvis .     J - +0 long sword (protect)
rCold  . . .     Gourm    .     b - +1 scale mail
rNeg   . . .     Faith    .     c - +0 shield
rPois  +         Spirit   .     (helmet restricted)
rElec  .         Dismiss  .     N - +0 cloak
rCorr  .         Reflect  .     (no gloves)
SustAt .         Harm     .     w - +0 pair of boots
MR     .....                    r - amulet of regeneration
Stlth  ..........               e - +4 ring of dexterity
                                p - ring of poison resistance

@: paralysed, not resistant to hostile enchantments, extremely unstealthy
A: retaliatory headbutt, horns 2
a: Upheaval, Elemental Force, Renounce Religion


You were on level 4 of the Lair of Beasts.
You worshipped Qazlal.
Qazlal was most pleased with you.
You were very hungry.

You visited 3 branches of the dungeon, and saw 15 of its levels.

You collected 949 gold pieces.

Inventory:

Hand Weapons
 z - a +1 falchion
 J - a +0 long sword of protection (weapon)
Armour
 b - a +1 scale mail (worn)
 c - a +0 shield (worn)
 w - a +0 pair of boots (worn)
 N - a +0 cloak (worn)
Jewellery
 e - a +4 ring of dexterity (right hand)
 i - an uncursed ring of positive energy
 p - a ring of poison resistance (left hand)
 r - an amulet of regeneration (around neck)
 u - an uncursed ring of protection from magic
 E - an uncursed ring of see invisible
 F - an uncursed ring of protection from magic
 H - an uncursed ring of ice {unknown}
 K - an uncursed amulet of harm
 R - an uncursed ring of flight
Wands
 s - a wand of polymorph (11/24)
 x - a wand of slowing (34/48)
 G - a wand of slowing (11/48)
 L - a wand of draining (7/15)
 M - a wand of polymorph (11/24)
Scrolls
 a - 8 scrolls of teleportation
 h - a scroll of recharging
 B - 3 scrolls of enchant weapon
 I - a scroll of remove curse
 P - a scroll of fear
 S - 3 scrolls of amnesia
 T - 2 scrolls of blinking
Potions
 d - a potion of might
 j - 3 potions of brilliance
 k - a potion of heal wounds
 l - 4 potions of mutation
 m - 3 potions of lignification
 n - a potion of flight {unknown}
 o - 2 potions of magic
 t - a potion of cancellation {unknown}
 v - 3 potions of curing
 C - a potion of agility
 Q - a potion of haste {unknown}
 Z - 2 potions of poison {unknown}
Books
 y - a book of Geomancy

   Spells                             Type                      Level
   a - Sandblast                      Earth                        1
   b - Stoneskin                      Transmutation/Earth          2
   c - Passwall                       Transmutation/Earth          3
   d - Stone Arrow                    Conjuration/Earth            3
   e - Petrify                        Transmutation/Earth          4
   f - Lee's Rapid Deconstruction     Earth                        5
 A - a book of Burglary

   Spells                             Type                      Level
   a - Swiftness                      Charms/Air                   2
   b - Passwall                       Transmutation/Earth          3
   c - Passage of Golubria            Translocation                4
   d - Lee's Rapid Deconstruction     Earth                        5
   e - Darkness                       Hexes                        6
   f - Invisibility                   Hexes                        6
 U - a Grand Grimoire

   Spells                             Type                      Level
   a - Monstrous Menagerie            Summoning                    7
   b - Summon Greater Demon           Summoning                    7
   c - Malign Gateway                 Summoning/Translocation      7
   d - Summon Horrible Things         Summoning                    8
 V - a book of Minor Magic

   Spells                             Type                      Level
   a - Magic Dart                     Conjuration                  1
   b - Blink                          Translocation                2
   c - Call Imp                       Summoning                    2
   d - Repel Missiles                 Charms/Air                   2
   e - Slow                           Hexes                        2
   f - Conjure Flame                  Conjuration/Fire             3
   g - Mephitic Cloud                 Conjuration/Poison/Air       3
 W - a Fen Folio

   Spells                             Type                      Level
   a - Corpse Rot                     Necromancy                   2
   b - Stone Arrow                    Conjuration/Earth            3
   c - Leda's Liquefaction            Hexes/Earth                  4
   d - Summon Forest                  Summoning/Translocation      5
   e - Hydra Form                     Transmutation                6
   f - Summon Hydra                   Summoning                    7
Comestibles
 f - 16 bread rations
 g - 12 meat rations
 q - 5 beef jerkies
 D - 2 slices of pizza
 O - 11 royal jellies


   Skills:
 - Level 12.0 Fighting
 - Level 14.0 Long Blades
 - Level 13.0 Armour
 - Level 8.1 Dodging
 + Level 4.7 Shields
 - Level 8.0 Invocations


You had 11 spell levels left.
You didn't know any spells.

Dungeon Overview and Level Annotations

Branches:
Dungeon (10/15)            Temple (1/1) D:7            Lair (4/8) D:10
  Swamp: Lair:3-6    Shoals: Lair:3-6     Snake: Lair:3-6    Spider: Lair:3-6
    Orc: D:9-12

Altars:
Ashenzari
Cheibriados
Dithmenos
Elyvilon
Fedhas
Gozag
Kikubaaqudgha
Makhleb
Nemelex Xobeh
Okawaru
Pakellas
Qazlal
Ru
Sif Muna
Trog
Vehumet
Xom
Yredelemnul
Zin
The Shining One
Lugonu

Annotations:
Lair:4 Rupert


Innate Abilities, Weirdness & Mutations

You reflexively headbutt those who attack you in melee.
You have a pair of horns on your head.


Message History

Rupert looks more energetic.
Rupert roars wildly at you.
You suddenly lose the ability to move!
The insubstantial wisp hits you.
* * * LOW HITPOINT WARNING * * *
Rupert roars madly and goes into a rage!
Rupert goes berserk!
The insubstantial wisp hits you but does no damage.
Rupert hits you but does no damage.
Rupert hits you with a great sword of protection!!
* * * LOW HITPOINT WARNING * * *
The insubstantial wisp thrums sharply.
You are struck by lightning.
* * * LOW HITPOINT WARNING * * *
The lightning arcs!
Rupert is struck by lightning.
The lightning arcs!
You are struck by lightning.
* * * LOW HITPOINT WARNING * * *
The lightning arcs!
Rupert hits you with a great sword of protection!
You die...

##.....P#P...[..#P≈PP
§§##......###.....#♣≈♣≈≈
§§#.#......#.....## P≈≈≈
§§........#.....## ♣≈≈≈
§§.......†.....## ≈≈
§§............#.#
.............####
.......§....##
###.#..@v..#.# #
#.@...#### #.......#
#......## ......###
#.....# ..)... #≈≈≈≈
....#. #≈≈♣P #≈≈≈♣


You could see Rupert (berserk) and an insubstantial wisp.

Vanquished Creatures
  A hydra (Lair:2)
  Urug (Lair:1)
  Sonja (D:10)
  An unseen horror (D:10)
  A manticore (D:10)
  2 black mambas
  Maurice (D:9)
  4 spiny frogs
  2 komodo dragons
  A merfolk (D:10)
  A queen bee (D:9)
  3 trolls (D:10)
  A two-headed ogre (D:10)
  9 blink frogs
  A shadow (D:10)
  A spriggan (D:8)
  A vampire (D:10)
  A hog (D:10)
  4 wyverns
  A basilisk (Lair:2)
  A hungry ghost (D:10)
  24 yaks
  9 hippogriffs
  Grum (D:9)
  3 wolves (D:9)
  4 insubstantial wisps (Lair:4)
  3 water moccasins
  6 orc warriors
  4 porcupines
  8 black bears (D:10)
  An ice beast (D:6)
  2 sky beasts
  A necrophage (D:5)
  7 ogres
  7 centaurs
  7 crocodiles
  3 big kobolds
  15 giant frogs
  A gnoll sergeant (D:10)
  2 scorpions (D:5)
  A water moccasin skeleton (D:10)
  23 killer bees (D:9)
  4 electric eels (D:10)
  3 crimson imps
  10 hounds
  A quasit (D:5)
  4 gnoll shamans (D:10)
  6 jellies
  7 orc priests
  A giant frog skeleton (D:5)
  9 iguanas
  Natasha (twice) (D:2)
  14 orc wizards
  6 worker ants
  6 sheep
  A hound zombie (D:8)
  7 gnolls
  13 adders
  32 river rats (Lair:1)
  2 shadow imps
  2 oozes
  3 adder skeletons
  An adder zombie (D:8)
  3 worms
  7 giant geckos
  30 orcs
  6 bats
  6 giant cockroaches
  5 hobgoblins (D:1)
  18 jackals
  23 kobolds
  5 quokkas
  3 ball pythons
  4 giant newts
  8 goblins
  A jackal skeleton (D:6)
  A quokka zombie (D:9)
  11 rats
  2 rat zombies (D:6)
  6 fungi
  8 plants
452 creatures vanquished.

Vanquished Creatures (others)
  A porcupine (Lair:4)
  7 fungi (Lair:4)
  18 plants
26 creatures vanquished.

Grand Total: 478 creatures vanquished

Notes
Turn   | Place    | Note
--------------------------------------------------------------
     0 | D:1      | kae the Minotaur Fighter began the quest for the Orb.
     0 | D:1      | Reached XP level 1. HP: 19/19 MP: 0/0
    67 | D:1      | Reached XP level 2. HP: 9/26 MP: 1/1
   443 | D:1      | Reached skill level 4 in Long Blades
   651 | D:1      | Reached XP level 3. HP: 31/31 MP: 2/2
   912 | D:2      | Reached skill level 5 in Long Blades
   975 | D:2      | Noticed Natasha
   980 | D:2      | Killed Natasha
   980 | D:2      | Reached XP level 4. HP: 27/39 MP: 3/3
  1041 | D:2      | Found a shimmering altar of Xom.
  1322 | D:2      | Noticed Natasha
  1327 | D:2      | Killed Natasha
  1331 | D:2      | Reached skill level 6 in Long Blades
  1686 | D:3      | Reached XP level 5. HP: 45/45 MP: 4/4
  1765 | D:3      | Found a sacrificial altar of Ru.
  1768 | D:3      | Reached skill level 7 in Long Blades
  2095 | D:3      | Reached XP level 6. HP: 51/51 MP: 5/5
  2208 | D:4      | Reached skill level 8 in Long Blades
  2622 | D:4      | Reached skill level 9 in Long Blades
  2884 | D:4      | Reached XP level 7. HP: 50/57 MP: 6/6
  2901 | D:5      | Entered Level 5 of the Dungeon
  2904 | D:5      | Found a shadowy altar of Dithmenos.
  3032 | D:5      | Found an iron altar of Okawaru.
  3172 | D:5      | Reached skill level 10 in Long Blades
  3263 | D:5      | Reached skill level 11 in Long Blades
  3326 | D:5      | Reached XP level 8. HP: 34/64 MP: 7/7
  3481 | D:5      | Found a basalt altar of Yredelemnul.
  3650 | D:6      | Reached skill level 12 in Long Blades
  3968 | D:6      | Found an ancient bone altar of Kikubaaqudgha.
  4261 | D:6      | Reached skill level 13 in Long Blades
  4440 | D:7      | Reached XP level 9. HP: 64/70 MP: 8/8
  4462 | D:7      | Found a staircase to the Ecumenical Temple.
  4511 | Temple   | Entered the Ecumenical Temple
  4544 | Temple   | Became a worshipper of Qazlal Stormbringer
  4568 | D:7      | Found a shattered altar of Ashenzari.
  4649 | D:7      | Found an opulent altar of Gozag.
  4650 | D:7      | Found a radiant altar of Vehumet.
  4650 | D:7      | Found a glowing golden altar of the Shining One.
  4882 | D:7      | Reached * piety under Qazlal
  4885 | D:7      | Reached skill level 14 in Long Blades
  5841 | D:9      | Noticed Maurice
  5863 | D:9      | Killed Maurice
  5996 | D:9      | Found a burning altar of Makhleb.
  5999 | D:9      | Found a snail-covered altar of Cheibriados.
  6002 | D:9      | Found a sparkling altar of Nemelex Xobeh.
  6034 | D:9      | Noticed Grum
  6053 | D:9      | Killed Grum
  6065 | D:9      | Reached XP level 10. HP: 31/77 MP: 14/14
  6225 | D:9      | Reached ** piety under Qazlal
  6446 | D:9      | Reached skill level 5 in Fighting
  7144 | D:10     | Entered Level 10 of the Dungeon
  7170 | D:10     | Noticed Sonja
  7811 | D:10     | Killed Sonja
  7811 | D:10     | Reached skill level 10 in Fighting
  8358 | D:10     | Reached XP level 11. HP: 98/102 MP: 16/16
  8845 | D:10     | Found a shattered altar of Ashenzari.
  9051 | D:10     | Reached skill level 5 in Armour
  9405 | D:10     | Found a staircase to the Lair.
  9939 | D:10     | Noticed an unseen horror
  9954 | D:10     | Killed an unseen horror
 10274 | Lair:1   | Entered Level 1 of the Lair of Beasts
 10275 | Lair:1   | Noticed Urug
 10288 | Lair:1   | Killed Urug
 10290 | Lair:1   | Reached skill level 10 in Armour
 10602 | Lair:1   | Reached XP level 12. HP: 98/112 MP: 17/17
 10877 | Lair:1   | Reached *** piety under Qazlal
 11458 | Lair:2   | Noticed a four-headed hydra
 11645 | Lair:2   | Killed a four-headed hydra
 11724 | Lair:2   | Reached skill level 1 in Dodging
 12488 | Lair:3   | Reached skill level 5 in Dodging
 12532 | Lair:3   | Found a burning altar of Makhleb.
 12806 | Lair:3   | Found a dark tunnel.
 13345 | Lair:4   | Noticed Rupert
 13393 | Lair:4   | Paralysed by Rupert for 6 turns
 13396 | Lair:4   | HP: 5/112 [insubstantial wisp/static electricity (6)]
 13396 | Lair:4   | HP: 1/112 [insubstantial wisp/static electricity (4)]
 13397 | Lair:4   | Mangled by Rupert

Vault maps used:
D:1:      lightli_arrival_boilingwater
D:2:      lemuel_doored_altar, kennysheep_generic_room_6, uniq_natasha
D:3:      nicolae_ru_great_annihilating_truth
D:4:      first_bread
D:5:      nicolae_overflow_crystal_walls, lemuel_crystal_altar,
          okawaru_ov_weapons_minmay
D:6:      lemuel_zombie_altar_kikubaaqudgha
D:7:      kennysheep_kobold_camp, lemuel_round_altar,
          gammafunk_temple_overflow_forgotten
D:8:      the_bakery
D:9:      grunt_temple_overflow_diamond, special_room,
          minmay_misc_feat_more_columns, uniq_maurice, uniq_grum
D:10:     kennysheep_town, uniq_sonja
Temple:   corrupted_temple
Lair:1:   grunt_megastairs_2, uniq_urug
Lair:2:   st_stairs_8, serial_bayou_shore_b
Lair:3:   enter_volcano_4, basic_altar, grunt_forest_stairs_basic,
          grunt_megastairs_4
Lair:4:   minmay_lair_venomous_thicket, minmay_swamp_entry_wisps,
          serial_bayou_lake_a, uniq_rupert

Action                   |  1- 3 |  4- 6 |  7- 9 | 10-12 || total
-------------------------+-------+-------+-------+-------++-------
Melee: Long sword        |    78 |   148 |    10 |   635 ||   871
       Falchion          |       |       |   417 |   411 ||   828
Invok: Upheaval          |       |       |       |    14 ||    14
       Elemental Force   |       |       |       |     1 ||     1
Evoke: Wand              |       |       |       |     5 ||     5
  Use: Scroll            |     4 |     6 |     5 |     7 ||    22
       Potion            |       |     1 |     1 |     2 ||     4
  Eat: Chunk             |       |     6 |    11 |    21 ||    38
       Royal jelly       |       |       |       |     1 ||     1
